Map: Ulrena

Players

Tsmag

  • Race: Terran Terran

AdminB - Winner!

  • Race: Zerg Zerg

Event: DreamHack Open Tours WCS Spring Championship

VOD

Have the link to the VOD?

Description

Time

  • Played on: May 15, 2016, 3:58 a.m.
  • Length: 10:48
Show
View Real Time Build Order
Export as new Build Order

Tsmag Terran 

Build Orders:  

Get SALT Encoding   

  12  0:01  SCV  
  13  0:16  Supply Depot  
  13  0:18  SCV  
  14  0:30  SCV  
  15  0:42  SCV  
  16  0:43  Barracks  
  16  0:50  Supply Depot  
  16  0:55  SCV  
  17  1:07  Barracks  
  17  1:11  SCV  
  18  1:21  Supply Depot  
  18  1:24  SCV  
  19  1:38  Marine  
  19  1:39  Refinery  
  20  1:45  SCV  
  21  1:51  Refinery  
  21  1:54  Marine  
  21  1:57  SCV  
  23  2:01  Supply Depot  
  23  2:07  Marine  
  24  2:12  Marine  
  25  2:19  SCV  
  26  2:28  Reaper  
  27  2:30  Marine  
  27  2:35  Orbital Command  
  28  2:42  Bunker  
  28  2:48  Reaper  
  29  3:00  Reaper  
  30  3:20  Command Center  
  30  3:26  SCV  
  31  3:32  Reaper x2  
  33  3:54  Engineering Bay  
  33  3:56  SCV  
  34  4:04  Reaper x2  
  36  4:26  SCV  
  37  4:34  SCV  
  37  4:36  Reaper x2  
  40  4:46  SCV, Missile Turret  
  41  4:58  SCV  
  42  5:04  Terran Infantry Weapons Level 1  
  42  5:10  SCV  
  43  5:15  Ghost Academy  
  43  5:22  SCV  
  43  5:24  Missile Turret  
  44  5:36  SCV, Missile Turret  
  45  5:53  Factory, Personal Cloaking  
  45  5:58  SCV  
  45  6:00  SCV  
  47  6:10  SCV  
  48  6:13  SCV  
  48  6:16  Missile Turret  
  49  6:20  Barracks  
  49  6:22  SCV  
  49  6:23  Barracks  
  49  6:25  SCV  
  51  6:34  Factory, SCV  
  51  6:37  SCV  
  53  6:46  SCV  
  54  6:49  SCV  
  55  6:58  SCV  
  57  7:01  SCV  
  57  7:04  Refinery x2  
  57  7:11  Supply Depot  
  57  7:15  Supply Depot  
  57  7:22  Barracks Tech Lab  
  57  7:24  Barracks Tech Lab  
  57  7:28  Supply Depot  
  57  7:33  Factory Tech Lab  
  57  7:34  Supply Depot  
  57  7:39  Orbital Command  
  57  7:58  Supply Depot  
  57  8:00  Supply Depot  
  57  8:06  Siege Tank  
  57  8:10  Factory Tech Lab  
  60  8:19  Barracks Reactor  
  60  8:22  Barracks Reactor  
  60  8:26  SCV  
  61  8:33  Ghost  
  63  8:34  Ghost  
  63  8:38  SCV, Siege Tank  
  68  9:01  Ghost  
  70  9:02  Ghost  
  72  9:15  Command Center  
  72  9:30  Ghost  
  72  9:31  Ghost  
  76  9:38  Starport  
  76  9:49  Supply Depot  
  76  9:59  Ghost  
Show
View Real Time Build Order
Export as new Build Order

AdminB Zerg - Winner!

Build Orders: Hatch First 

Get SALT Encoding   

  12  0:02  Drone  
  13  0:12  Drone  
  14  0:25  Overlord  
  14  0:49  Hatchery  
  13  0:58  Drone x3  
  16  1:09  Drone  
  17  1:15  Spawning Pool  
  16  1:19  Drone  
  17  1:32  Drone  
  18  1:50  Drone  
  19  1:55  Drone  
  20  2:03  Overlord  
  20  2:04  Queen  
  20  2:05  Queen  
  24  2:09  Zergling x2  
  24  2:12  Zergling x2  
  26  2:16  Zergling x2  
  27  2:24  Overlord  
  27  2:25  Overlord  
  27  2:36  Zergling x4  
  29  3:13  Drone x6  
  35  3:24  Extractor, Hatchery  
  35  3:25  Extractor  
  32  3:34  Overlord x2  
  32  3:41  Drone x5  
  33  3:42  Drone x3  
  40  3:56  Zergling x4  
  42  4:09  Zergling x4  
  45  4:10  Zergling x12  
  45  4:16  Drone  
  51  4:30  Drone x3  
  54  4:44  Zergling x10  
  59  4:46  Metabolic Boost  
  59  4:48  Lair  
  59  4:49  Drone x3  
  62  4:56  Drone x3  
  62  4:57  Queen  
  62  4:59  Overlord x2  
  67  5:07  Drone  
  68  5:14  Drone x3, Extractor  
  68  5:15  Extractor  
  69  5:31  Baneling Nest  
  68  5:35  Evolution Chamber x2  
  68  5:36  Drone x3  
  68  5:37  Drone x2  
  68  5:38  Drone  
  72  5:44  Drone x5  
  77  6:00  Drone x4  
  77  6:01  Drone  
  82  6:06  Zerg Melee Weapons Level 1  
  82  6:09  Zerg Ground Armor Level 1  
  82  6:13  Drone x8  
  90  6:23  Hatchery  
  89  6:27  Zergling x2  
  90  6:32  Centrifical Hooks  
  90  6:39  Extractor  
  89  6:40  Extractor  
  88  6:49  Spire  
  88  6:51  Drone  
  88  7:01  Baneling x12  
  88  7:02  Baneling x9  
  88  7:09  Hatchery  
  88  7:12  Zergling x6  
  90  7:15  Overlord x2  
  90  7:16  Overlord x2  
  90  7:34  Overlord x4  
  90  7:38  Drone x5  
  90  7:39  Drone  
  90  7:43  Drone x10  
  106  7:55  Overlord x3  
  106  7:58  Baneling  
  106  7:59  Baneling x4  
  106  8:00  Zergling x2  
  106  8:01  Zergling x12  
  113  8:17  Zergling x2  
  113  8:18  Zergling x10  
  118  9:44  Zergling x2  
  118  9:45  Zergling x30  
  130  9:49  Baneling x8  
  130  9:50  Baneling x28  
  130  9:51  Baneling x10  
  134  10:03  Overlord x2  
  134  10:04  Mutalisk x5  
  144  10:10  Mutalisk  
  144  10:11  Mutalisk x2  
  147  10:24  Zergling x10  
  147  10:25  Zergling x14  

Tags
 
Add a new tag
Caveats
  • Supply blocks, unpowered buildings, or Contaminate may cause inaccurate times.
  • Supply counts are checked every 10 seconds.